Map: Simulacrum LE

Players

html - Winner!

  • Race: Protoss Protoss
  • League: Silver
  • Spawn Location: 11:00

VOD

Have the link to the VOD?

Description

Time

  • Played on: May 10, 2020, 2:52 a.m.
  • Length: 7:39
Show
View Real Time Build Order
Export as new Build Order

html Protoss - Winner!

Build Orders: 1 Gate Expand, Archon Drop, Dark Templar Rush 

Get SALT Encoding   

  12  0:02  Probe  
  12  0:14  Probe  
  12  0:21  Pylon  
  12  0:27  Probe  
  12  0:41  Gateway  
  12  0:43  Probe (Chrono Boost)  
  12  0:53  Probe (Chrono Boost)  
  12  0:55  Assimilator  
  12  0:58  Probe (Chrono Boost)  
  12  1:25  Nexus  
  12  1:32  Cybernetics Core  
  12  1:39  Probe (Chrono Boost)  
  12  1:50  Probe (Chrono Boost)  
  12  1:54  Probe (Chrono Boost)  
  12  1:57  Gateway  
  12  2:11  Adept (Chrono Boost)  
  12  2:12  Pylon  
  12  2:13  Warp Gate  
  12  2:30  Probe  
  12  2:31  Assimilator  
  12  2:36  Twilight Council  
  12  2:42  Probe  
  12  2:43  Probe  
  12  2:45  Adept (Chrono Boost)  
  12  2:54  Probe  
  12  2:55  Probe  
  12  3:06  Probe  
  12  3:07  Probe  
  12  3:13  Robotics Facility  
  12  3:18  Probe  
  12  3:19  Probe  
  12  3:20  Adept x2  
  12  3:30  Probe  
  12  3:31  Probe  
  12  3:46  Assimilator  
  12  3:52  Assimilator, Dark Shrine  
  12  3:57  Pylon  
  12  3:59  Probe  
  12  4:00  Probe  
  12  4:12  Probe x2  
  12  4:16  Gateway  
  12  4:18  Gateway, Blink (Chrono Boost)  
  12  4:21  Warp Prism (Chrono Boost)  
  12  4:47  Probe (Chrono Boost)  
  12  4:48  Probe (Chrono Boost)  
  12  4:58  Probe x2 (Chrono Boost)  
  12  5:03  Probe x2 (Chrono Boost)  
  12  5:13  Dark Templar  
  12  5:21  Pylon  
  12  5:22  Pylon x2  
  12  5:39  Probe x2  
  12  5:44  Dark Templar x3  
  12  5:51  Probe  
  12  5:52  Dark Templar  
  12  6:08  Gateway  
  12  6:10  Gateway  
  12  6:14  Archon x2  
  12  6:25  Stalker  
  12  6:26  Stalker x3  
  12  6:52  Stalker x2  
  12  6:53  Dark Templar  
  12  7:01  Pylon  
  12  7:02  Pylon  
  12  7:04  Pylon  
  12  7:20  Dark Templar  
  12  7:24  Archon  
  12  7:26  Stalker x4  
  12  7:27  Stalker  
Tags
 
Add a new tag
Caveats
  • Supply blocks, unpowered buildings, or Contaminate may cause inaccurate times.
  • Supply counts are checked every 10 seconds.